 Dungeon Crawl Stone Soup version 0.30-a0-1160-g6e42c06551 (webtiles) character file.

Game seed: 14069470932841031269

59326 bande the Cleaver (level 14, -3/88 HPs)
             Began as a Gargoyle Fighter on Apr 25, 2023.
             Was the Champion of Okawaru.
             Slain by a caustic shrike simulacrum (34 damage)
             ... in an ice cave.
             The game lasted 00:41:59 (22679 turns).

bande the Cleaver (Gargoyle Fighter)               Turns: 22679, Time: 00:42:00

Health: -3/88      AC: 39    Str: 21    XL:     14   Next: 94%
Magic:  21/21      EV: 17    Int:  9    God:    Okawaru [******]
Gold:   1588       SH: 12    Dex: 15    Spells: 13/13 levels left

rFire   + + .        Y - +0 broad axe (freeze)
rCold   . . .        g - +0 kite shield
rNeg    + . .        V - +8 chain mail "Deezaxue" {rElec rF+ Will+ Regen+}
rPois   ∞            m - +1 helmet
rElec   +            O - +2 cloak
rCorr   .            G - +1 pair of gloves
SInv    .            y - +0 pair of boots
Will    ++...        (no amulet) Stlth
                     e - +5 ring of evasion
HPRegen 1.14/turn    N - +5 ring of evasion
MPRegen 0.17/turn

%: no passive effects
@: flying
A: sickness immunity, AC +10, big wings, negative energy resistance 1,
electricity resistance, torment resistance 1, petrification resistance, thin
skeletal structure 1, fire resistance 1
a: Renounce Religion, Heroism, Finesse, Duel


You were in an ice cave.
You worshipped Okawaru.
Okawaru was exalted by your worship.
You visited 3 branches of the dungeon, and saw 20 of its levels.
You also visited: Ossuary, Bailey and Ice Cave.

You collected 1588 gold pieces.

Inventory:

Hand Weapons
 a - a +1 war axe of draining
 C - a +0 broad axe
 R - the +4 hand axe "Zuddor" {flame, Will+++ Str+5 Int-3}
   (You found it on level 3 of the Lair of Beasts)

   Str:       It affects your strength (+5).
   Int:       It affects your intelligence (-3).
   Will:      It greatly increases your willpower.
 X - the +8 frozen axe "Frostbite" {freeze, freezing cloud, *Noise Fly rC+}
   (You found it on level 12 of the Dungeon)

   rC:        It protects you from cold.
   Fly:       It grants you flight.
   *Noise:    It may make noises in combat.
 Y - a +0 broad axe of freezing (weapon)
Missiles
 P - a throwing net (quivered)
Armour
 g - a +0 kite shield (worn)
 m - a +1 helmet (worn)
 y - a +0 pair of boots (worn)
 B - a scarf of invisibility
 G - a +1 pair of gloves (worn)
 K - the +6 acid dragon scales "Myeky" {Will+ rCorr SInv Stlth-}
   (Okawaru gifted it to you on level 11 of the Dungeon)

   SInv:      It lets you see invisible.
   rCorr:     It protects you from acid and corrosion.
   Will:      It increases your willpower.
   Stlth:     It makes you less stealthy.
 M - the +4 plate armour of Utweired {rElec Str+3}
   (Okawaru gifted it to you on level 2 of the Lair of Beasts)

   Str:       It affects your strength (+3).
   rElec:     It insulates you from electricity.
 O - a +2 cloak (worn)
 S - the +4 skin of Zhor {*Englaciate rC+++ SInv}
   (Okawaru gifted it to you on level 4 of the Lair of Beasts)

   *Englaciate: It radiates cold, occasionally slowing all nearby creatures who
   are not resistant to cold.
   rC:        It renders you almost immune to cold.
   SInv:      It lets you see invisible.
 V - the +8 chain mail "Deezaxue" (worn) {rElec rF+ Will+ Regen+}
   (Okawaru gifted it to you on level 5 of the Lair of Beasts)

   rF:        It protects you from fire.
   rElec:     It insulates you from electricity.
   Regen:     It increases your rate of health regeneration.
   Will:      It increases your willpower.
Jewellery
 c - a +6 ring of intelligence
 e - a +5 ring of evasion (left hand)
 E - a +6 ring of dexterity
 N - a +5 ring of evasion (right hand)
 Q - a ring of wizardry
 T - an amulet of the acrobat
 U - a ring of protection from cold
 W - a ring of fire
Wands
 j - a wand of polymorph (20)
 t - a wand of paralysis (20)
 A - a wand of acid (18)
 D - a wand of roots (18)
Scrolls
 b - 9 scrolls of fear
 f - 3 scrolls of amnesia
 h - 16 scrolls of identify
 i - 2 scrolls of blinking
 k - 2 scrolls of poison
 u - 12 scrolls of teleportation
 w - 5 scrolls of enchant armour
 F - 5 scrolls of fog
 L - a scroll of enchant weapon
Potions
 l - 5 potions of curing
 n - 3 potions of haste
 o - 2 potions of ambrosia
 p - 4 potions of heal wounds
 q - 4 potions of flight
 r - 5 potions of brilliance
 s - 3 potions of mutation
 v - 3 potions of resistance
 x - 2 potions of berserk rage
 z - a potion of magic
 H - 5 potions of invisibility
 I - 2 potions of cancellation
 J - 2 potions of might


   Skills:
 + Level 10.8 Fighting
 + Level 13.9 Axes
 + Level 9.1 Armour
 - Level 0.2 Dodging
 + Level 12.0 Shields
 * Level 10.5 Invocations
 * Level 9.8 Evocations


You had 13 spell levels left.
You didn't know any spells.
Your spell library contained the following spells:

 Spells                   Type           Power      Damage    Failure   Level
 Foxfire                  Conj/Fire      0%         2x1d4     98%         1
 Magic Dart               Conj           0%         1d3       98%         1
 Blink                    Tloc           0%         N/A       99%         2
 Lesser Beckoning         Tloc           0%         N/A       99%         2
 Momentum Strike          Conj/Tloc      0%         3d8       99%         2
 Poisonous Vapours        Pois/Air       0%         N/A       99%         2
 Searing Ray              Conj           0%         2d4       99%         2
 Hailstorm                Conj/Ice       0%         3d3       100%        3
 Ignite Poison            Fire/Tmut/Pois 0%         N/A       100%        3
 Inner Flame              Hex/Fire       0%         N/A       100%        3
 Mephitic Cloud           Conj/Pois/Air  0%         N/A       100%        3
 Stone Arrow              Conj/Erth      0%         3d7       100%        3
 Anguish                  Hex/Necr       0%         N/A       100%        4
 Cause Fear               Hex            0%         N/A       100%        4
 Flame Wave               Conj/Fire      0%         2d4       100%        4
 Fulminant Prism          Conj/Hex       0%         3d5       100%        4
 Ice Form                 Ice/Tmut       0%         N/A       100%        4
 Sticky Flame             Conj/Fire      0%         2d3       100%        4
 Borgnjor's Vile Clutch   Necr/Erth      0%         N/A       100%        5
 Fireball                 Conj/Fire      0%         3d3       100%        5
 Freezing Cloud           Conj/Ice/Air   0%         6-21      100%        5
 Plasma Beam              Fire/Air       0%         2x1d11    100%        6
 Starburst                Conj/Fire      0%         6d3       100%        6
 Enfeeble                 Hex            0%         N/A       100%        7
 Lehudib's Crystal Spear  Conj/Erth      0%         10d2      100%        8
 Cigotuvi's Dreadful Rot  Necr/Pois/Air  Unusable   N/A       N/A         2
 Animate Armour           Summ/Erth      Unusable   N/A       N/A         4
 Animate Dead             Necr           Unusable   N/A       N/A         4
 Death Channel            Necr           Unusable   N/A       N/A         6
 Simulacrum               Ice/Necr       Unusable   N/A       N/A         6

Dungeon Overview and Level Annotations

Branches:
Dungeon (14/15)            Temple (1/1) D:6            Lair (5/5) D:11
 Shoals (0/4) Lair:3       Spider (0/4) Lair:2        Slime (0/5) Lair:4
    Orc (0/2) D:11         Vaults (0/5) D:13        Ossuary (visited)
 Bailey (visited)           IceCv (1/1)

Altars:
Ashenzari
Cheibriados
Dithmenos
Elyvilon
Fedhas
Gozag
Hepliaklqana
Kikubaaqudgha
Makhleb
Okawaru
Qazlal
Ru
Sif Muna
Trog
Uskayaw
Vehumet
Wu Jian
Xom
Yredelemnul
Zin
The Shining One
Jiyva

Annotations:
D:5 2 transporters, NingBingBong's ghost, amateur FeSu
Lair:3 exclusion: oklob plant


Innate Abilities, Weirdness & Mutations

You are immune to sickness and miasma.
Your stone body is resilient. (AC +10)
You are immune to poison.
Your large and strong wings let you fly.
You resist negative energy. (rN+)
You are resistant to electric shocks. (rElec)
You are resistant to unholy torment.
You are immune to petrification.
You have a somewhat thin skeletal structure. (Dex +2, Stealth+)
Your flesh is heat resistant. (rF+)


Message History

The freezing wraith hits you but does no damage.
The freezing wraith misses you.
The freezing wraith hits you but does no damage.
You block the freezing wraith's attack.
You closely miss the freezing wraith.
The freezing wraith is almost destroyed.
You block the freezing wraith's attack.
The freezing wraith completely misses you.
You slash the freezing wraith!
You destroy the freezing wraith!
Okawaru accepts your kill.
You barely miss the caustic shrike simulacrum.
The caustic shrike simulacrum claws you but does no damage.
You block the caustic shrike simulacrum's attack.
You hit the caustic shrike simulacrum but do no damage.
You block the caustic shrike simulacrum's attack. x2
You slash the caustic shrike simulacrum!
The caustic shrike simulacrum is moderately damaged.
The caustic shrike simulacrum claws you.
The caustic shrike simulacrum freezes you!!!
Ouch! That really hurt!
The caustic shrike simulacrum barely misses you.
You hit the caustic shrike simulacrum.
The caustic shrike simulacrum is moderately damaged.
You block the caustic shrike simulacrum's attack.
You hit the caustic shrike simulacrum but do no damage.
The caustic shrike simulacrum is moderately damaged.
You block the caustic shrike simulacrum's attack. x2
You slash the caustic shrike simulacrum!
The caustic shrike simulacrum is heavily damaged.
You block the caustic shrike simulacrum's attack. x2
You hit the caustic shrike simulacrum.
The caustic shrike simulacrum is heavily damaged.
You block the caustic shrike simulacrum's attack.
The caustic shrike simulacrum claws you but does no damage.
You slash the caustic shrike simulacrum!
The caustic shrike simulacrum is almost destroyed.
The caustic shrike simulacrum claws you!
The caustic shrike simulacrum freezes you!!
You die...

### #######
[(.. ##.....#
..... ##......#
....ZZ#.......#
....ZZZ@.∩..∩.#
....ZZ#.......#
..... ##......#
)/.. ##.....#
### #######


You could see 2 anaconda simulacra, 2 golden dragon simulacra, 2 ettin simulacra
and a caustic shrike simulacrum.

Vanquished Creatures
  An ironbound preserver (D:13)
  7 hydras
  2 vault guards (Bailey)
  2 centaur warriors
  A catoblepas (Lair:5)
  A boulder beetle (D:13)
  A deep troll shaman (Lair:5)
  8 two-headed ogres
  4 death yaks (Lair:5)
  3 skysharks
  A deep elf pyromancer (D:13)
  2 lindwurms (Lair:5)
  3 manticores
  2 cyclopes (D:12)
  3 ugly things
  9 elephants
  2 black mambas
  A gargoyle (D:12)
  7 cane toads
  A rime drake (Lair:5)
  3 freezing wraiths
  2 kobold demonologists
  8 komodo dragons
  3 ice devils (D:12)
  A meliai (Lair:2)
  4 trolls
  A tengu conjurer (D:14)
  7 polar bears
  Grinder (D:6)
  Prince Ribbit (Bailey)
  A hornet (D:13)
  30 blink frogs
  3 wraiths
  29 yaks
  2 shadows
  2 vampires
  A fire elemental (Lair:3)
  4 wyverns
  5 humans (Bailey)
  Eustachio (D:5)
  11 vampire mosquitoes
  6 basilisks
  2 harpy simulacra (IceCv)
  Edmund (D:4)
  2 acid dragons
  10 water moccasins
  5 orc warriors
  A sky beast (D:8)
  2 swamp drakes (D:11)
  3 ice beasts
  4 black bears
  A boggart (shapeshifter) (D:14)
  2 ogres
  6 wolves (Lair:5)
  14 centaurs
  3 phantoms
  5 kobold brigands
  15 bullfrogs
  3 gnoll sergeants
  3 scorpions (D:5)
  4 wights (D:8)
  15 killer bees
  7 howler monkeys
  2 jellies
  6 orc priests
  A gnoll bouda (D:7)
  Ijyb (D:3)
  Natasha (thrice) (D:2)
  8 iguanas
  4 sleepcaps
  16 orc wizards
  8 mummies (Ossuary)
  7 adders
  21 gnolls
  5 white imps
  2 ufetubi
  2 dart slugs
  46 orcs
  7 ball pythons
  4 endoplasms
  2 giant cockroaches (D:2)
  19 goblins
  6 hobgoblins
  19 kobolds
  2 quokkas
  2 bats
  A frilled lizard (D:1)
  A gnoll zombie (Ossuary)
  2 hobgoblin zombies (Ossuary)
  2 kobold zombies (Ossuary)
  3 orc zombies (Ossuary)
  3 rats
  A butterfly (D:6)
501 creatures vanquished.

Vanquished Creatures (others)
  2 orc wizards (D:9)
  15 fungi
  25 plants
42 creatures vanquished.

Grand Total: 543 creatures vanquished

Notes
Turn   | Place    | Note
-------+----------+-------------------------------------------
     0 | D:1      | bande the Gargoyle Fighter began the quest for the Orb.
     0 | D:1      | Reached XP level 1. HP: 14/14 MP: 1/1
   110 | D:1      | Reached XP level 2. HP: 14/19 MP: 2/2
   635 | D:2      | Noticed Natasha
   644 | D:2      | Gained mutation: Your flesh is heat resistant. (rF+)
                  | [potion of mutation]
   644 | D:2      | Gained mutation: You have a somewhat thin skeletal
                  | structure. (Dex +2, Stealth+) [potion of mutation]
   648 | D:2      | Killed Natasha
   649 | D:2      | Reached XP level 3. HP: 5/23 MP: 3/3
   887 | D:2      | Reached skill level 2 in Axes
  1197 | D:2      | Found a burning altar of Makhleb.
  1289 | D:3      | Noticed Ijyb
  1304 | D:3      | Killed Ijyb
  1305 | D:3      | Reached XP level 4. HP: 26/28 MP: 4/4
  1718 | D:3      | Found a faded altar of an unknown god.
  1729 | D:3      | Reached XP level 5. HP: 33/33 MP: 5/5
  2431 | D:2      | Noticed Natasha
  2449 | D:2      | Killed Natasha
  2450 | D:2      | Reached skill level 3 in Axes
  2764 | D:2      | Noticed Natasha
  2769 | D:2      | Killed Natasha
  3062 | D:4      | Noticed a black bear
  3069 | D:4      | Killed a black bear
  3070 | D:4      | Reached skill level 1 in Evocations
  3070 | D:4      | Reached XP level 6. HP: 37/38 MP: 6/6
  3152 | D:4      | Found an ancient bone altar of Kikubaaqudgha.
  3170 | D:4      | You fall into a shaft and drop 2 floors!
  3199 | D:6      | Found a hazy altar of Hepliaklqana.
  3283 | D:6      | Found a sand-covered staircase.
  3288 | Ossuary  | Entered an ossuary
  3318 | Ossuary  | Reached skill level 4 in Axes
  3646 | Ossuary  | Reached XP level 7. HP: 43/43 MP: 7/7
  3821 | D:6      | Reached skill level 5 in Armour
  3923 | D:6      | Noticed Grinder
  3944 | D:6      | Paralysed by Grinder for 2 turns
  3961 | D:6      | Paralysed by Grinder for 4 turns
  3990 | D:6      | Killed Grinder
  3991 | D:6      | Reached skill level 5 in Axes
  3991 | D:6      | Reached XP level 8. HP: 38/48 MP: 8/8
  4054 | D:6      | Found an ornate altar of the Wu Jian Council.
  4162 | D:6      | Found a staircase to the Ecumenical Temple.
  4199 | Temple   | Entered the Ecumenical Temple
  4287 | Temple   | Became a worshipper of Warmaster Okawaru
  4746 | D:6      | Reached skill level 5 in Shields
  5101 | D:5      | Entered Level 5 of the Dungeon
  5107 | D:5      | Reached skill level 6 in Axes
  5107 | D:5      | Reached skill level 1 in Invocations
  5293 | D:5      | Found a transporter.
  5300 | D:5      | Found a transporter.
  5300 | D:5      | Noticed NingBingBong's ghost (amateur FeSu)
  5460 | D:4      | Noticed Edmund
  5471 | D:4      | Killed Edmund
  5471 | D:4      | Reached * piety under Okawaru
  5472 | D:4      | Reached skill level 5 in Fighting
  5791 | D:5      | Reached XP level 9. HP: 53/54 MP: 10/10
  5867 | D:5      | Reached skill level 7 in Axes
  5934 | D:5      | Noticed Eustachio
  6007 | D:5      | Killed Eustachio
  6869 | D:7      | Reached ** piety under Okawaru
  6878 | D:7      | Found a bloodstained altar of Trog.
  7092 | D:7      | Found a hide-covered altar of Uskayaw.
  7991 | D:8      | Reached skill level 8 in Axes
  8040 | D:8      | Reached XP level 10. HP: 41/60 MP: 13/13
  8090 | D:8      | Found a flagged portal.
  8105 | Bailey   | Entered a bailey
  8130 | Bailey   | Reached *** piety under Okawaru
  8131 | Bailey   | Reached skill level 5 in Evocations
  8469 | Bailey   | Noticed Prince Ribbit
  8478 | Bailey   | Killed Prince Ribbit
  8479 | Bailey   | Reached skill level 5 in Invocations
  8681 | Bailey   | Noticed a vault guard
  8711 | Bailey   | Killed a vault guard
  8711 | Bailey   | Reached **** piety under Okawaru
  8712 | Bailey   | Reached skill level 9 in Axes
  8780 | Bailey   | Noticed a vault guard
  8799 | Bailey   | Killed a vault guard
  9984 | D:9      | Reached XP level 11. HP: 63/66 MP: 15/15
 10053 | D:9      | Noticed a sixfirhy
 10573 | D:9      | Identified the +0 mace of Ahatoj {flame, rN++ Int+3}
 10610 | D:9      | Noticed a red ugly thing
 10623 | D:9      | Killed a red ugly thing
 10726 | D:9      | Identified the +0 long sword of Okawaru's Condemnation
                  | {spect, rPois Will+ Dex+4 Stlth+}
 11029 | D:10     | Entered Level 10 of the Dungeon
 11048 | D:10     | Noticed a soul eater
 11156 | D:10     | Reached ***** piety under Okawaru
 11201 | D:10     | Noticed a two-headed ogre
 11214 | D:10     | Killed a two-headed ogre
 11215 | D:10     | Reached skill level 10 in Axes
 11683 | D:10     | Found a shimmering blue altar of Sif Muna.
 12544 | D:11     | Noticed a two-headed ogre
 12549 | D:11     | Killed a two-headed ogre
 13015 | D:11     | Found a staircase to the Orcish Mines.
 13027 | D:11     | Received a gift from Okawaru
 13128 | D:11     | Noticed a two-headed ogre
 13140 | D:11     | Killed a two-headed ogre
 13321 | D:11     | Identified the +6 acid dragon scales "Myeky" {Will+ rCorr
                  | SInv Stlth-} (Okawaru gifted it to you on level 11 of the
                  | Dungeon)
 13321 | D:11     | Received a gift from Okawaru
 13351 | D:11     | Found a staircase to the Lair.
 13505 | D:11     | Reached XP level 12. HP: 64/72 MP: 17/17
 13512 | D:11     | Noticed a centaur warrior
 13531 | D:11     | Killed a centaur warrior
 13821 | Lair:1   | Entered Level 1 of the Lair of Beasts
 14253 | Lair:1   | Reached skill level 11 in Axes
 15495 | Lair:2   | Reached ****** piety under Okawaru
 15575 | Lair:2   | Found a hole to the Spider Nest.
 15799 | Lair:2   | Noticed a skyshark
 15828 | Lair:2   | Killed a skyshark
 15868 | Lair:2   | Identified the +4 plate armour of Utweired {rElec Str+3}
                  | (Okawaru gifted it to you on level 2 of the Lair of Beasts)
 15868 | Lair:2   | Received a gift from Okawaru
 15921 | Lair:2   | Noticed a five-headed hydra
 15936 | Lair:2   | Killed a five-headed hydra
 16258 | Lair:2   | Reached XP level 13. HP: 71/80 MP: 19/19
 16875 | Lair:3   | Reached skill level 12 in Axes
 16903 | Lair:3   | Reached skill level 10 in Shields
 17746 | Lair:3   | Found a staircase to the Shoals.
 17788 | Lair:3   | Identified the +4 hand axe "Zuddor" {flame, Will+++ Str+5
                  | Int-3}
 18361 | Lair:4   | Received a gift from Okawaru
 18361 | Lair:4   | Found the +4 skin of Zhor {*Englaciate rC+++ SInv}
 18499 | Lair:4   | Found a viscous altar of Jiyva.
 18499 | Lair:4   | Found a staircase to the Slime Pits.
 18816 | Lair:5   | Entered Level 5 of the Lair of Beasts
 19550 | Lair:5   | Reached skill level 10 in Fighting
 19661 | Lair:5   | Gained mutation: Your large and strong wings let you fly.
                  | [Gargoyle growth]
 19661 | Lair:5   | Reached XP level 14. HP: 79/88 MP: 21/21
 19882 | Lair:5   | Reached skill level 13 in Axes
 19892 | Lair:5   | Identified the +8 chain mail "Deezaxue" {rElec rF+ Will+
                  | Regen+} (Okawaru gifted it to you on level 5 of the Lair of
                  | Beasts)
 19892 | Lair:5   | Received a gift from Okawaru
 21523 | D:12     | Identified the +1 leather armour "Lereklau" {rPois Str-3
                  | Dex-4 Stlth+}
 21550 | D:12     | Reached skill level 10 in Invocations
 21781 | D:12     | Found the +8 frozen axe "Frostbite" {freeze, freezing
                  | cloud, *Noise Fly rC+}
 21937 | D:13     | Identified the +10 mace of Fuxta {heavy, Int+2}
 22100 | D:13     | Noticed an ironbound preserver
 22102 | D:13     | Found a gate to the Vaults.
 22149 | D:13     | Killed an ironbound preserver
 22215 | D:13     | Received a gift from Okawaru
 22634 | D:14     | Found a frozen archway.
 22645 | IceCv    | Entered an ice cave
 22679 | IceCv    | Slain by a caustic shrike simulacrum

Illustrated notes

Levels and vault maps discovered:
D:1:      dpeg_arrival_arbitrary_b, layout_rooms, serial_forest,
          infiniplex_forest_clump_tiny, infiniplex_forest_clump_double,
          infiniplex_forest_clump_curved, infiniplex_forest_clump_long,
          infiniplex_forest_straight_2, infiniplex_forest_end_2
D:2:      layout_basic, basic_altar, chequers_serial_rivers_micro_d,
          uniq_natasha
D:3:      minmay_wonky_spiral, layout_basic, hellmonk_ecumenical_altar_run_dry,
          chequers_serial_rivers_micro_d, uniq_ijyb
D:4:      layout_gridville, nicolae_kikubaaqudgha_miasma_corner, serial_glass,
          glass_columns_b, glass_columns_a, uniq_edmund
D:5:      minmay_recursive_quarters, layout_gridville, gammafunk_ghost_arena,
          minmay_misc_feat_tiny, minivault_25, minmay_fractal_squares_5,
          uniq_eustachio
D:6:      layout_basic, nzn_wu_jian_contemplation, mainiacjoe_overflow_24_doors,
          minmay_temple_entry_butterflies, enter_ossuary_2, uniq_grinder
D:7:      layout_basic, old_standard_altar, lemuel_crystal_altar, minmay_puff
D:8:      layout_layer_cave, enter_bailey_5, chequers_garden
D:9:      layout_roguey
D:10:     layout_loops_cross, nicolae_sif_muna_condensation,
          kennysheep_nondescript, minmay_misc_feat_iff
D:11:     layout_loops_ring, erik_lair_dragon, erik_orc_1
D:12:     layout_roguey, hellmonk_guarded_unrand_frostbite
D:13:     layout_rooms, skrybe_vaults_entry_preservation
D:14:     layout_rooms, nicolae_hexahallways, gauntlet_entry_generic,
          portal_ice_cave_entry_pillars_1
Temple:   lightli_temple_of_artemis
Lair:1:   layout_layer_cave
Lair:2:   layout_cave_pods, hellmonk_spider_entry_not_the_bees,
          pdpol_lair_neglected_garden, cheibrodos_lair_lostbears
Lair:3:   layout_gridlike, minmay_shoals_entry_centaurs,
          hellmonk_guarded_unrand_vines
Lair:4:   layout_regular_city, dpeg_slime_entry_corner
Lair:5:   grunt_lair_end_beastmaster, layout_long_grid, serial_bayou_pond_b,
          grunt_megastairs_5
IceCv:    ice_cave_statue_garden_chambered

Skill      XL: |  1  2  3  4  5  6  7  8  9 10 11 12 13 14 |
---------------+-------------------------------------------+-----
Armour         | 4 5 6 7 8 9 |  9.1
Shields        | 4 5 6 7 8 9 11 12 | 12.0
Axes           | 2 3 4 5 6 8 9 10 11 12 13 | 13.9
Fighting       | 4 5 6 7 8 10 | 10.8
Evocations     | 1 2 3 4 5 6 7 8 9 |  9.8
Invocations    | 2 4 5 7 8 9 10 | 10.5
Dodging        | |  0.2

Action                     |  1- 3 |  4- 6 |  7- 9 | 10-12 | 13-15 || total
---------------------------+-------+-------+-------+-------+-------++-------
  Melee: War axe           |    76 |   154 |   357 |   784 |   804 ||  2175
         Unarmed           |       |       |     1 |       |       ||     1
         Mace              |       |       |       |    23 |    47 ||    70
         Broad axe         |       |       |       |       |    99 ||    99
         Hand axe          |       |       |       |       |    51 ||    51
 Invoke: Heroism           |       |       |       |       |     1 ||     1
  Evoke: Wand              |       |       |       |     3 |       ||     3
    Use: Potion            |     3 |       |       |     3 |     1 ||     7
         Scroll            |       |    12 |    11 |     4 |     1 ||    28
   Stab: Sleeping          |       |     1 |       |     2 |       ||     3
         Confused          |       |       |       |     1 |       ||     1
         Petrified         |       |       |       |       |    28 ||    28
         Petrifying        |       |       |       |       |     1 ||     1
 Armour: Scale mail        |    43 |    95 |    98 |       |       ||   236
         Skin              |     9 |       |     1 |       |       ||    10
         Chain mail        |       |       |    43 |    40 |   196 ||   279
         Plate armour      |       |       |       |   325 |     9 ||   334
         Acid dragon scale |       |       |       |   142 |   212 ||   354
  Dodge: Dodged            |    31 |    73 |   243 |   430 |   723 ||  1500
  Block: Buckler           |    13 |    37 |       |       |       ||    50
         Kite shield       |       |    23 |   219 |   552 |   717 ||  1511

Table legend: (Time is in decaauts)
 A = Elapsed time spent in this place.
 B = Non-inter-level travel time spent in this place.
 C = Inter-level travel time spent in this place.
 D = Time resting spent in this place.
 E = Time spent auto-exploring this place.
 F = Levels seen in this place.
 G = Mean time per level.
                   A        B        C        D        E       F      G
               +--------+--------+--------+--------+--------+-----+--------+
         Total |  22925 |  21526 |   1399 |   4372 |  11845 |  23 |  996.7 |
       Dungeon |  14404 |  13314 |   1090 |   2288 |   7733 |  14 | 1028.9 |
        Temple |    104 |    104 |      0 |      0 |     78 |   1 |  104.0 |
          Lair |   6986 |   6677 |    309 |   1334 |   3876 |   5 | 1397.2 |
       Ossuary |    507 |    507 |      0 |    288 |     96 |   1 |  507.0 |
        Bailey |    888 |    888 |      0 |    462 |     62 |   1 |  888.0 |
      Ice Cave |     33 |     33 |      0 |      0 |      0 |   1 |   33.0 |
               +--------+--------+--------+--------+--------+-----+--------+

Top non-repeatable levels by time:
  Lair:5: 1794 daAuts
  Lair:2: 1709 daAuts
    D:11: 1471 daAuts
  Lair:1: 1436 daAuts
     D:5: 1412 daAuts
     D:6: 1410 daAuts
     D:9: 1405 daAuts
  Lair:3: 1214 daAuts
    D:10: 1195 daAuts
     D:8: 1195 daAuts
     D:2: 1080 daAuts
     D:7: 1018 daAuts
     D:3: 990 daAuts
    D:12: 974 daAuts
  Bailey: 888 daAuts
